 Dungeon Crawl Stone Soup version 0.31.0 (webtiles) character file.

Game seed: 16082066996338746051

39 qw the Shooter (level 3, -1/22 HPs)
             Began as a Gargoyle Hunter on Jan 19, 2024.
             Slain by a goblin
             ... wielding a +0 dagger
             ... led by Robin
              (5 damage)
             ... on level 2 of the Dungeon.
             The game lasted 00:00:02 (592 turns).

qw the Shooter (Gargoyle Hunter)                     Turns: 592, Time: 00:00:03

Health: -1/22      AC:  7    Str: 14    XL:     3   Next: 45%
Magic:  3/3        EV: 11    Int:  9    God:
Gold:   75         SH:  0    Dex: 15    Spells: 2/2 levels left

rFire   . . .        a - +0 shortbow
rCold   . . .        (shield currently unavailable)
rNeg    + . .        c - +0 leather armour
rPois   inf          (no helmet)
rElec   +            f - +0 cloak
rCorr   .            (no gloves)
SInv    +            (no boots)
Will    .....        (no amulet)
Stlth   ++           h - ring of see invisible
HPRegen 0.23/turn    (no ring)
MPRegen 0.08/turn

%: no passive effects
@: no status effects
A: sickness immunity, AC +3, negative energy resistance 1, electricity
resistance, torment resistance 1, petrification resistance
a: no special abilities


You were on level 2 of the Dungeon.
You visited 1 branch of the dungeon, and saw 2 of its levels.

You collected 75 gold pieces.


Innate Abilities, Weirdness & Mutations

You are immune to sickness and miasma.
Your stone body is resilient. (AC +3)
You are immune to poison.
You resist negative energy. (rN+)
You are resistant to electric shocks. (rElec)
You are resistant to unholy torment.
You are immune to petrification.


   Skills:
 + Level 2.6 Fighting
 - Level 5.0 Ranged Weapons
 - Level 1.5 Dodging
 - Level 1.1 Stealth


You had 2 spell levels left.
You didn't know any spells.
Your spell library was empty.

Inventory:

Hand Weapons
 a - a +0 shortbow (weapon)
Armour
 c - a +0 leather armour (worn)
 e - a scarf of invisibility
 f - a +0 cloak (worn)
Jewellery
 h - a ring of see invisible (left hand)
Potions
 b - a potion of haste {unknown}
 d - a potion of cancellation
 g - a potion of might {unknown}

Dungeon Overview and Level Annotations

Branches:
Dungeon (2/15)

Altars:

Annotations:
D:2 Robin


Message History

The goblin hits you with a +0 dagger.
You shoot an arrow. The arrow barely misses Robin.
The arrow hits the goblin.
You kill the goblin!
The goblin no longer looks unusually strong.
Robin hits you with a +0 club. The goblin barely misses you. x2
You shoot an arrow. The arrow hits Robin.
Robin is moderately wounded.
The goblin no longer looks unusually strong.
Robin barely misses you. The goblin hits you but does no damage.
The goblin closely misses you. x2; The goblin hits you with a +0 dagger.
You shoot an arrow. The arrow barely misses Robin.
The arrow hits the hobgoblin.
The hobgoblin is heavily wounded.
The goblin no longer looks unusually strong.
The hobgoblin no longer looks unusually strong.
Robin roars a battlecry!
The goblins go into a battle-frenzy!
The goblin misses you. The goblin hits you but does no damage.
You shoot an arrow. The arrow barely misses Robin.
The arrow closely misses the hobgoblin.
The hobgoblin no longer looks unusually strong.
Robin closely misses you. The goblin misses you. The goblin barely misses you.
You shoot an arrow. The arrow closely misses Robin.
The arrow hits the hobgoblin but does no damage.
The hobgoblin is heavily wounded.
Robin closely misses you.
The goblin hits you but does no damage. x2
You shoot an arrow. The arrow closely misses Robin.
The arrow hits the hobgoblin!
You kill the hobgoblin!
Robin hits you with a +0 club. The goblin barely misses you.
The goblin closely misses you.
You shoot an arrow. The arrow hits Robin.
Robin is moderately wounded.
Robin roars a battlecry!
The hobgoblin goes into a battle-frenzy!
The goblin closely misses you. x3; The goblin barely misses you.
You shoot an arrow.
The arrow hits Robin but does no damage.
Robin is moderately wounded.
The goblin hits you with a +0 dagger. x2
You die...

..##..) # ..# ## )
# ..# )#
#####.....##+## .#
##........#~~¤##
#.#
#.........+~¤~+.#g.
#....#....#~~~#.gg
##...#....##'###g#
#.............##@#
#...........#..gg#
##..........#.####
#####..##.....#
.......#.>..###
..>..>.......#
.............#
.............#
.............#


You could see Robin, 2 hobgoblins and 3 goblins.

Vanquished Creatures
  4 ball pythons
  5 endoplasms
  5 giant cockroaches
  6 goblins
  2 hobgoblins
  A kobold (D:2)
  2 quokkas (D:1)
  3 bats
  A frilled lizard (D:1)
  4 rats
33 creatures vanquished.

Notes
Turn   | Place    | Note
-------+----------+-------------------------------------------
     0 | D:1      | qw the Gargoyle Hunter began the quest for the Orb.
     0 | D:1      | Reached XP level 1. HP: 12/12 MP: 1/1
     0 | D:1      | 0 ||| qw: Version: 0.3-a-132-g3d54051
     0 | D:1      | 0 ||| qw: Game counter: 360
     0 | D:1      | 0 ||| qw: Melee chars always use a shield: true
     0 | D:1      | 0 ||| qw: God list: Okawaru
     0 | D:1      | 0 ||| qw: Allow faded altars: false
     0 | D:1      | 0 ||| qw: Do Orc after clearing Dungeon:15 true
     0 | D:1      | 0 ||| qw: Do second Lair branch before Depths: true
     0 | D:1      | 0 ||| qw: Lair rune preference: random
     0 | D:1      | 0 ||| qw: Goals: Normal
     0 | D:1      | 0 ||| PLANNING D:1-11
    38 | D:1      | Found a faded altar of an unknown god.
   106 | D:1      | Reached XP level 2. HP: 15/17 MP: 2/2
   393 | D:1      | 393 ||| UPGRADING to +0 cloak.
   398 | D:1      | 398 ||| DROPPING ring of wizardry.
   399 | D:1      | 399 ||| UPGRADING to ring of see invisible.
   400 | D:1      | 400 ||| READING scroll labelled GEOHIG POFA.
   400 | D:1      | 400 ||| IDENTIFYING orange potion
   401 | D:1      | 401 ||| DROPPING scroll of butterflies.
   485 | D:2      | Reached XP level 3. HP: 21/21 MP: 3/3
   520 | D:2      | Reached skill level 5 in Ranged Weapons
   571 | D:2      | Noticed Robin
   592 | D:2      | HP: 4/22 [goblin/+0 dagger[Robin] (5)]
   592 | D:2      | Slain by a goblin

Levels and vault maps discovered:
D:1:      lightli_arrival_statue_moat, layout_rooms,
          ebering_ecumenical_altar_petrified, minmay_statues_item
D:2:      layout_rooms, kennysheep_nub, minmay_liquid_box, uniq_robin

Skill      XL: |  1  2  3 |
---------------+----------+-----
Ranged Weapons | 5 |  5.0
Fighting       | |  2.6
Dodging        | |  1.5
Stealth        | |  1.1

Action                     || total
---------------------------++-------
   Fire: Shortbow          ||    95
    Use: Scroll            ||     1
 Armour: Leather armour    ||    40
  Dodge: Dodged            ||    39

Table legend:
 A = Non-vault XP
 B = Vault XP
 C = Vault XP percentage of total XP
 D = Non-vault monster count
 E = Vault monster count
 F = Vault count percentage of total count
                 A         B        C        D         E       F
            +---------+---------+-------+---------+---------+-------
      Total |      44 |      12 |  21.4 |      27 |       6 |  18.2
            +---------+---------+-------+---------+---------+-------
        D:1 |      25 |       0 |   0.0 |      16 |       0 |   0.0
        D:2 |      19 |      12 |  38.7 |      11 |       6 |  35.3
            +---------+---------+-------+---------+---------+-------
